 Dungeon Crawl Stone Soup version 0.23.2-1-ga50397a (webtiles) character file.

Game seed: 6556508022744952846

25135 schauveau the Severer (level 12, -9/112 HPs)
             Began as a Minotaur Fighter on May 12, 2019.
             Was the Champion of Okawaru.
             Splashed by an oklob plant's acid (11 damage)
             ... on level 2 of the Lair of Beasts.
             The game lasted 00:24:18 (14027 turns).

schauveau the Severer (Minotaur Fighter)           Turns: 14027, Time: 00:24:19

Health: -9/112     AC: 16    Str: 25    XL:     12   Next: 86%
Magic:  11/11      EV: 12    Int:  5    God:    Okawaru [******]
Gold:   307        SH: 13    Dex: 16    Spells: 11/11 levels left

rFire    . . .     SeeInvis .   a - +2 war axe (chop)
rCold    . . .     Gourm    .   c - +0 shield
rNeg     . . .     Faith    .   L - +1 chain mail {MR+}
rPois    +         Spirit   .   (helmet restricted)
rElec    .         Reflect  .   e - +0 cloak
rCorr    .         Harm     .   V - +0 pair of gloves
MR       +....                  (no boots)
Stlth    ..........             W - amulet of regeneration
HPRegen  0.68/turn              U - ring of Eqasogawe {+Blink +Fly rPois Dex+5}
MPRegen  0.12/turn              u - +4 ring of evasion

@: lethally poisoned (-9 -> -10)
A: retaliatory headbutt, horns 2, blink, evolution 1
a: Blink, Heroism, Finesse, Renounce Religion, Evoke Blink, Evoke Flight


You were on level 2 of the Lair of Beasts.
You worshipped Okawaru.
Okawaru was exalted by your worship.
You were not hungry.

You visited 2 branches of the dungeon, and saw 13 of its levels.

You collected 905 gold pieces.
You spent 598 gold pieces at shops.

Inventory:

Hand Weapons
 a - a +2 war axe of chopping (weapon)
 r - a +2 whip of electrocution
 t - a +0 morningstar
 v - a +0 longbow of velocity
 D - a +1 war axe
 G - a cursed -1 hand crossbow
 I - a +0 battleaxe
 T - a +0 blowgun
Missiles
 h - 14 tomahawks (quivered)
 o - 2 throwing nets
 R - 7 steel javelins
 S - 17 poisoned needles
Armour
 b - a +2 chain mail of cold resistance
 c - a +0 shield (worn)
 e - a +0 cloak (worn)
 C - the -2 hat of the Alchemist {rElec rPois rF+ rC+ rN+ MR+ rMut rCorr}
   (You found it on level 6 of the Dungeon)

   It protects you from fire.
   It protects you from cold.
   It insulates you from electricity.
   It protects you from poison.
   It protects you from negative energy.
   It affects your resistance to hostile enchantments.
   It provides partial protection from all sources of acid and corrosion.
   It protects you from mutation.
 L - a +1 chain mail of magic resistance (worn)
 V - a +0 pair of gloves (worn)
Jewellery
 u - a +4 ring of evasion (right hand)
 y - an uncursed amulet of harm
 U - the ring of Eqasogawe (left hand) {+Blink +Fly rPois Dex+5}
   (You bought it in a shop on level 4 of the Dungeon)

   [ring of flight]

   It affects your dexterity (+5).
   It protects you from poison.
   It lets you fly.
   It lets you blink.
 W - an amulet of regeneration (around neck)
Wands
 n - a wand of iceblast (6)
 J - a wand of flame (26)
 K - a wand of random effects (9)
 N - a wand of enslavement (8)
 Q - a wand of acid (7)
Scrolls
 d - 2 scrolls of magic mapping
 g - a scroll of fear
 j - 2 scrolls of fog
 k - 4 scrolls of remove curse
 l - a scroll of vulnerability
 p - 3 scrolls of teleportation
 x - 4 scrolls of amnesia
 z - 3 scrolls of enchant weapon
 A - 2 scrolls of enchant armour
 B - a scroll of immolation
Potions
 i - a potion of haste
 m - a potion of might
 q - a potion of brilliance
 s - 2 potions of flight
 w - a potion of heal wounds
 E - 2 potions of lignification
 F - 2 potions of agility
 H - a potion of magic
 M - 4 potions of curing
 O - 2 potions of invisibility
 P - 2 potions of degeneration {unknown}
Comestibles
 f - 16 rations


   Skills:
 + Level 12.1 Fighting
 * Level 15.8 Axes
 + Level 12.1 Armour
 + Level 12.1 Shields


You had 11 spell levels left.
You didn't know any spells.
Your spell library contained the following spells:

 Spells                   Type           Power        Failure   Level  Hunger
 Confusing Touch          Hex            #.....       98%         1    ##.....
 Confuse                  Hex            #.......     100%        3    ####...
 Gell's Gravitas          Tloc           #.........   100%        3    ####...
 Petrify                  Tmut/Erth      #.......     100%        4    #####..
 Metabolic Englaciation   Hex/Ice        #.........   100%        5    ######.
 Yara's Violent Unravell  Hex/Tmut       #.........   100%        5    ######.


Dungeon Overview and Level Annotations

Branches:
Dungeon (11/15)            Temple (0/1) D:5            Lair (2/6) D:10
    Orc (0/2) D:11
  Swamp: Lair:2-4    Shoals: Lair:2-4     Snake: Lair:2-4    Spider: Lair:2-4

Altars:
Cheibriados
Gozag
Hepliaklqana
Kikubaaqudgha
Makhleb
Okawaru
Sif Muna
Vehumet
Yredelemnul
Beogh

Shops:
D:4 =   D:6 %   D:11 !

Annotations:
Lair:2 exclusion: 2 oklob plants


Innate Abilities, Weirdness & Mutations

You reflexively headbutt those who attack you in melee.
You have a pair of horns on your head.
You can translocate small distances at will.
You evolve.


Message History

You are splashed with acid!
You hit the oklob plant but do no damage.
The oklob plant is almost destroyed.
You hit the oklob plant.
You destroy the oklob plant!
Okawaru accepts your kill.
You feel sick.
You feel sick.
You feel sick. The oklob plant spits acid at you. The splash of acid hits you!
* * * LOW HITPOINT WARNING * * *
You are splashed with acid!
* * * LOW HITPOINT WARNING * * *
You feel sick. The oklob plant spits acid at you. The splash of acid hits you!
* * * LOW HITPOINT WARNING * * *
You are splashed with acid!
You die...

... #.+# ##..#
###..P#
##.....##
##..#+...######
#........†$)).#
#.....@..†...P#
+..<.......P.(#
#..$.....P).$$#
#........######
###+....##
#..#### ##..
#... #..#####


You could see 2 oklob plants.

Vanquished Creatures
  A centaur warrior (D:11)
  3 two-headed ogres
  A queen ant (D:8)
  3 death yaks (D:10)
  2 unseen horrors
  An orc knight (D:10)
  Pikel (D:4)
  2 cyclopes (D:11)
  2 ugly things
  An oklob plant (Lair:2)
  2 black mambas (Lair:1)
  A gargoyle (D:8)
  10 spiny frogs
  Joseph (D:7)
  A komodo dragon (Lair:1)
  A troll (D:6)
  2 meliai zombies (D:10)
  3 hippogriffs
  A human (D:11)
  9 yaks
  3 hogs (D:11)
  A basilisk (D:8)
  A hungry ghost (D:6)
  6 soldier ants
  2 acid dragons
  A water moccasin (D:9)
  3 porcupines
  Duvessa (D:7)
  An ice beast (D:7)
  8 orc warriors
  A black bear (D:8)
  A phantom (D:5)
  2 sky beasts
  A necrophage (D:10)
  4 ogres
  3 crocodiles
  7 centaurs
  4 wolves (Lair:1)
  3 big kobolds
  12 bullfrogs
  Dowan (D:7)
  3 scorpions
  11 killer bees
  11 wights
  2 howler monkeys
  4 crimson imps
  3 centaur zombies
  2 bullfrog zombies
  A quasit (D:9)
  3 hounds
  2 bullfrog skeletons
  A centaur skeleton (D:11)
  9 orc priests
  2 jellies
  3 iguanas
  9 orc wizards
  30 worker ants
  A hound skeleton (D:10)
  A howler monkey zombie (D:10)
  2 worker ant zombies
  Robin (D:2)
  4 gnolls (D:6)
  7 adders
  A shadow imp (D:10)
  An ooze (D:6)
  An adder zombie (D:10)
  An adder skeleton (D:4)
  3 worms
  4 dart slugs
  9 leopard geckos
  41 orcs
  2 giant cockroaches (D:2)
  2 gnoll zombies (D:6)
  17 goblins
  11 hobgoblins
  3 jackals
  3 quokkas
  2 ball pythons
  8 bats
  3 frilled lizards
  A jackal skeleton (D:7)
  13 kobolds
  2 leopard gecko skeletons
  A quokka zombie (D:8)
  7 rats
  3 plants (Lair:2)
365 creatures vanquished.

Notes
Turn   | Place    | Note
-------+----------+-------------------------------------------
     0 | D:1      | schauveau the Minotaur Fighter began the quest for the Orb.
     0 | D:1      | Reached XP level 1. HP: 19/19 MP: 0/0
    77 | D:2      | Noticed Robin
    80 | D:2      | Reached XP level 2. HP: 18/27 MP: 1/1
    88 | D:2      | Reached skill level 3 in Axes
    93 | D:2      | Killed Robin
   119 | D:2      | Reached XP level 3. HP: 23/33 MP: 2/2
   276 | D:2      | Found an iron altar of Okawaru.
   289 | D:2      | Became a worshipper of Warmaster Okawaru
   431 | D:1      | Reached XP level 4. HP: 40/40 MP: 3/3
   994 | D:2      | Found a snail-covered altar of Cheibriados.
  1022 | D:2      | Reached skill level 4 in Axes
  1365 | D:3      | Reached XP level 5. HP: 36/47 MP: 4/4
  1509 | D:3      | Reached skill level 5 in Axes
  1563 | D:3      | Reached * piety under Okawaru
  1574 | D:3      | Reached XP level 6. HP: 26/55 MP: 5/5
  1996 | D:3      | Reached skill level 5 in Fighting
  2425 | D:4      | Reached skill level 5 in Armour
  2425 | D:4      | Reached skill level 5 in Shields
  2491 | D:4      | Found an opulent altar of Gozag.
  2523 | D:4      | Found Rulaff's Jewellery Shoppe.
  2562 | D:4      | Noticed Pikel
  2562 | D:4      | Noticed a slave
  2562 | D:4      | Noticed a slave
  2563 | D:4      | Noticed a slave
  2563 | D:4      | Noticed a slave
  2576 | D:5      | Entered Level 5 of the Dungeon
  2732 | D:4      | Killed Pikel
  2732 | D:4      | Reached skill level 6 in Axes
  2732 | D:4      | Reached XP level 7. HP: 44/62 MP: 6/6
  2770 | D:4      | Reached skill level 7 in Axes
  2901 | D:4      | Found an ancient bone altar of Kikubaaqudgha.
  3436 | D:5      | Reached XP level 8. HP: 11/70 MP: 7/7
  3763 | D:5      | Reached ** piety under Okawaru
  3817 | D:5      | Reached skill level 8 in Axes
  4136 | D:5      | Found a staircase to the Ecumenical Temple.
  4503 | D:6      | Found the -2 hat of the Alchemist {rElec rPois rF+ rC+ rN+
                  | MR+ rMut rCorr}
  4819 | D:6      | Reached skill level 9 in Axes
  4836 | D:6      | Reached XP level 9. HP: 42/79 MP: 8/8
  4868 | D:6      | Found a basalt altar of Yredelemnul.
  4942 | D:6      | Reached *** piety under Okawaru
  5055 | D:6      | Found Foag's Food Shoppe.
  5201 | D:6      | Noticed a troll
  5209 | D:6      | Killed a troll
  5381 | D:7      | Noticed Dowan
  5382 | D:7      | Noticed Duvessa
  5429 | D:7      | Noticed Joseph
  5609 | D:7      | Killed Joseph
  5609 | D:7      | Reached skill level 10 in Axes
  5842 | D:7      | Killed Duvessa
  5921 | D:7      | Killed Dowan
  6012 | D:7      | Found a hazy altar of Hepliaklqana.
  6057 | D:7      | Found a burning altar of Makhleb.
  6386 | D:7      | Reached **** piety under Okawaru
  6685 | D:8      | Reached skill level 11 in Axes
  6703 | D:8      | Reached XP level 10. HP: 90/90 MP: 9/9
  6796 | D:8      | Noticed a white ugly thing
  6807 | D:8      | Killed a white ugly thing
  7116 | D:8      | Noticed a gargoyle
  7124 | D:8      | Killed a gargoyle
  7133 | D:8      | Noticed a seven-headed hydra
  7148 | D:8      | Killed an unseen horror
  7623 | D:8      | Found a deep blue altar of Sif Muna.
  7623 | D:8      | Found a radiant altar of Vehumet.
  8233 | D:8      | Noticed a queen ant
  8244 | D:8      | Reached skill level 12 in Axes
  8249 | D:8      | Reached ***** piety under Okawaru
  8473 | D:8      | Killed a queen ant
  8765 | D:9      | Gained mutation: You evolve. [potion of mutation]
  8765 | D:9      | Gained mutation: You can translocate small distances at
                  | will. [potion of mutation]
  8786 | D:10     | Entered Level 10 of the Dungeon
  9474 | D:8      | Reached XP level 11. HP: 97/99 MP: 10/10
  9699 | D:10     | Noticed a death yak
  9700 | D:10     | Noticed a death yak
  9700 | D:10     | Noticed a two-headed ogre
  9714 | D:10     | Killed a death yak
  9714 | D:10     | Reached skill level 10 in Fighting
  9714 | D:10     | Reached skill level 10 in Armour
  9714 | D:10     | Reached skill level 10 in Shields
  9727 | D:10     | Killed a death yak
  9727 | D:10     | Reached skill level 13 in Axes
  9732 | D:10     | Killed a two-headed ogre
  9949 | D:10     | Received a gift from Okawaru
  9956 | D:10     | Got a faintly glowing ring mail {god gift}
  9967 | D:10     | Identified the +0 ring mail "Figosup" {rN+ MR++} (Okawaru
                  | gifted it to you on level 10 of the Dungeon)
  9982 | D:10     | Noticed a death yak
 10013 | D:10     | Killed a death yak
 10360 | D:10     | Found a staircase to the Lair.
 10853 | D:10     | Reached ****** piety under Okawaru
 10871 | D:10     | Noticed an orc knight
 10888 | D:10     | Killed an orc knight
 11296 | D:10     | Reached skill level 14 in Axes
 11343 | D:10     | Noticed a two-headed ogre
 11346 | D:10     | Killed a two-headed ogre
 11492 | D:11     | Noticed a brown ugly thing
 11511 | D:11     | Killed a brown ugly thing
 11529 | D:11     | Reached XP level 12. HP: 81/110 MP: 11/11
 11604 | D:11     | Found Ciamiy Yquat's Distillery.
 11636 | D:11     | Bought 2 potions of curing for 90 gold pieces
 11761 | D:4      | Bought the ring of Eqasogawe {+Blink +Fly rPois Dex+5} for
                  | 508 gold pieces
 11927 | D:11     | Received a gift from Okawaru
 12004 | D:11     | Noticed a two-headed ogre
 12030 | D:11     | Killed a two-headed ogre
 12261 | D:11     | Found a roughly hewn altar of Beogh.
 12268 | D:11     | Found a staircase to the Orcish Mines.
 12603 | D:11     | Noticed a centaur warrior
 12610 | D:11     | Killed a centaur warrior
 12610 | D:11     | Reached skill level 15 in Axes
 12840 | Lair:1   | Entered Level 1 of the Lair of Beasts
 14027 | Lair:2   | HP: 2/112 [oklob plant/splash of acid (12)]
 14027 | Lair:2   | Splashed by an oklob plant's acid

Skill      XL: |  1  2  3  4  5  6  7  8  9 10 11 12 |
---------------+-------------------------------------+-----
Axes           | 3 4 5 6 7 9 11 12 14 15 | 15.8
Fighting       | 4 5 6 7 8 9 11 12 | 12.1
Armour         | 4 5 6 7 8 9 11 12 | 12.1
Shields        | 4 5 6 7 8 9 11 12 | 12.1

Action                   |  1- 3 |  4- 6 |  7- 9 | 10-12 || total
-------------------------+-------+-------+-------+-------++-------
Melee: War axe           |    69 |   135 |   232 |   633 ||  1069
       Headbutt          |     8 |    23 |    45 |   145 ||   221
       Whip              |       |       |       |     5 ||     5
       Morningstar       |       |       |       |     4 ||     4
Throw: Tomahawk          |       |       |     4 |       ||     4
Invok: Heroism           |       |       |       |     2 ||     2
  Use: Potion            |     1 |     7 |     1 |     4 ||    13
       Scroll            |       |     8 |       |    11 ||    19
  Eat: Chunk             |       |     6 |     6 |    11 ||    23
       Ration            |       |       |     3 |     4 ||     7
Armor: Scale mail        |    37 |    55 |    73 |       ||   165
       Chain mail        |       |       |    20 |   246 ||   266
Dodge: Dodged            |    29 |    41 |   125 |   262 ||   457
Block: Shield            |    54 |    49 |       |   148 ||   251
       Buckler           |       |     7 |    68 |    80 ||   155
